 Dungeon Crawl Stone Soup version 0.29-a0-721-g7f417c9bbb (webtiles) character file.

Game seed: 6608256781800479583

34 zeratav the Shooter (level 3, 0/18 HPs)
             Began as a Spriggan Hunter on June 27, 2022.
             Slain by an adder (4 damage)
             ... on level 2 of the Dungeon.
             The game lasted 00:01:29 (761 turns).

zeratav the Shooter (Spriggan Hunter)                Turns: 761, Time: 00:01:30

Health: 0/18       AC:  2    Str:  7    XL:     3   Next: 14%
Magic:  4/4        EV: 18    Int: 10    God:
Gold:   62         SH:  0    Dex: 20    Spells: 2/2 levels left

rFire   . . .      SeeInvis +   a - +0 shortbow {bow}
rCold   . . .      Faith    .   (shield currently unavailable)
rNeg    . . .      Spirit   .   c - +0 robe
rPois   .          Reflect  .   (helmet restricted)
rElec   .          Harm     .   (no cloak)
rCorr   .          Rampage  .   (gloves unavailable)
Will    .....                   (boots unavailable)
Stlth   ++........              (no amulet)
HPRegen 0.06/turn               (no ring)
MPRegen 0.09/turn               (no ring)

@: very quick
A: very small, no large weapons, unfitting armour, see invisible, speed 3
a: no special abilities


You were on level 2 of the Dungeon.
You visited 1 branch of the dungeon, and saw 2 of its levels.

You collected 62 gold pieces.


Innate Abilities, Weirdness & Mutations

You are very small and have problems with some larger weapons.
You are too small for most types of armour.
You have supernaturally acute eyesight. (SInv)
You cover ground extremely quickly. (Speed+++)


   Skills:
 - Level 1.5 Fighting
 + Level 6.1 Ranged Weapons
 - Level 2.6 Dodging
 - Level 1.5 Stealth


You had 2 spell levels left.
You didn't know any spells.
Your spell library was empty.

Inventory:

Hand Weapons
 a - a +0 shortbow (weapon) {bow}
Armour
 c - a +0 robe (worn)
Scrolls
 b - 2 scrolls of immolation {!r!r}
 d - 2 scrolls of teleportation {unknown}
 e - a scroll of vulnerability {unknown}
 i - 2 scrolls of identify {unknown}
Potions
 f - 2 potions of lignification {unknown}
 g - 2 potions of curing {unknown}
 h - a potion of invisibility {unknown}
 j - a potion of berserk rage {unknown}
 k - a potion of haste {unknown}

Dungeon Overview and Level Annotations

Branches:
Dungeon (2/15) Zot: 11491

Altars:

#......####....#
#......# ####.#
#......#
#...####
########
#.#....#
#.#..#.#
#....#.#
###....# #.####
#@# #.S......
###.....# ####.#


You could see an adder.


Message History

You shoot an arrow. The arrow hits the giant cockroach!
You kill the giant cockroach!
No target in view!
No target in view!
No target in view!
You see here a +0 dagger {short}.
You see here a +0 dagger {short}.
You see here 4 stones {throwing}.
You now have 62 gold pieces (gained 17).
You see here 4 stones {throwing}.
You see here a ball python skeleton.
An endoplasm comes into view.
You shoot an arrow. The arrow hits the endoplasm!
You kill the endoplasm!
No target in view!
No target in view!
No target in view!
i - 2 scrolls labelled ZUESYE ROSONI (gained 1) Done exploring.
Done exploring.
(D) Dungeon
Where to? (Enter - D:1, ? - help)
There is a stone staircase leading down here.
You climb downwards.
There is a stone staircase leading up here.
k - a viscous coppery potion
There is a stone staircase leading up here.
A bat comes into view.
A bat is nearby!
You shoot an arrow. The arrow hits the bat.
You kill the bat!
No target in view!
No target in view!
No target in view!
A bat comes into view.
You shoot an arrow. The arrow hits the bat.
You kill the bat!
You hear an angry hiss.
An adder comes into view.
The adder bites you but does no damage.
You shoot an arrow. The arrow closely misses the adder.
The adder bites you.
HP[-1]
You take 1 damage, and now have 17/18 hp.
You shoot an arrow. The arrow closely misses the adder.
The adder misses you. x2
You shoot an arrow. The arrow barely misses the adder.
The adder misses you.
HP[+1]
Your hp is fully restored (18).
You shoot an arrow.
The arrow hits the adder but does no damage.
The adder completely misses you. The adder closely misses you.
You shoot an arrow. The arrow closely misses the adder.
The adder barely misses you. The adder closely misses you.
You shoot an arrow. The arrow misses the adder.
The adder barely misses you.
You shoot an arrow. The arrow misses the adder.
The adder closely misses you. The adder completely misses you.
You shoot an arrow. The arrow hits the adder!
The adder barely misses you.
You shoot an arrow.
The arrow hits the adder but does no damage.
The adder bites you. The adder misses you.
HP[-2]
You take 2 damage, and now have 16/18 hp.
You shoot an arrow. The arrow hits the adder.
The adder misses you.
You shoot an arrow. The arrow barely misses the adder.
The adder bites you.
You are poisoned.
The adder poisons you! The adder misses you.
HP[-1]
You take 1 damage, and now have 15/18 hp.
You shoot an arrow. The arrow misses the adder.
You feel sick. The adder closely misses you.
HP[-2]
You take 2 damage, and now have 13/18 hp.
You shoot an arrow. The arrow barely misses the adder.
You feel sick. The adder bites you. The adder completely misses you.
HP[-3]
You take 3 damage, and now have 10/18 hp.
Fire: a) +0 shortbow {bow}
Press: ? - help, Q - select action Shift-Dir - straight line, f/p - adder
Aim: an adder (almost dead, 50% to hit)
You shoot an arrow. The arrow misses the adder.
You feel sick. The adder completely misses you.
The adder bites you but does no damage.
HP[-1]
You take 1 damage, and now have 9/18 hp.
Fire: a) +0 shortbow {bow}
Press: ? - help, Q - select action Shift-Dir - straight line, f/p - adder
Aim: an adder (almost dead, 50% to hit)
You shoot an arrow. The arrow closely misses the adder.
You feel sick.
You are no longer poisoned.
The adder barely misses you.
HP[-1]
You take 1 damage, and now have 8/18 hp.
Fire: a) +0 shortbow {bow}
Press: ? - help, Q - select action Shift-Dir - straight line, f/p - adder
Aim: an adder (almost dead, 50% to hit)
You shoot an arrow. The arrow barely misses the adder.
The adder bites you.
* * * LOW HITPOINT WARNING * * *
The adder bites you.
You die...

Skill      XL: |  1  2 |
---------------+-------+-----
Ranged Weapons | 5 6 |  6.1
Fighting       | |  1.5
Dodging        | |  2.6
Stealth        | |  1.5

Action                   || total
-------------------------++-------
 Fire: Shortbow          ||    70
Armor: Robe              ||     2
Dodge: Dodged            ||    23

Levels and vault maps discovered:
D:1:      dpeg_arrival_tiny_j, layout_loops_ring,
          chequers_ecumenical_altar_simple
D:2:      layout_basic

Notes
Turn   | Place    | Note
-------+----------+-------------------------------------------
     0 | D:1      | zeratav the Spriggan Hunter began the quest for the Orb.
     0 | D:1      | Reached XP level 1. HP: 10/10 MP: 2/2
     0 | D:1      | magus.rc [v1.9.6]
    55 | D:1      | Reached skill level 5 in Ranged Weapons
   128 | D:1      | Reached XP level 2. HP: 14/14 MP: 3/3
   287 | D:1      | Found a faded altar of an unknown god.
   373 | D:1      | Reached skill level 6 in Ranged Weapons
   413 | D:1      | You fall into a shaft and drop 1 floor!
   459 | D:1      | Reached XP level 3. HP: 18/18 MP: 4/4
   761 | D:2      | HP: 4/18 [adder (4)]
   761 | D:2      | Slain by an adder

Vanquished Creatures
  3 endoplasms (D:1)
  5 giant cockroaches (D:1)
  4 goblins (D:1)
  3 quokkas (D:1)
  A ball python (D:1)
  6 bats
  2 frilled lizards (D:1)
  3 kobolds (D:1)
  3 rats (D:1)
30 creatures vanquished.

Table legend:
 A = Non-vault XP
 B = Vault XP
 C = Vault XP percentage of total XP
 D = Non-vault monster count
 E = Vault monster count
 F = Vault count percentage of total count
                 A         B        C        D         E       F
            +---------+---------+-------+---------+---------+-------
      Total |      49 |       0 |   0.0 |      30 |       0 |   0.0
            +---------+---------+-------+---------+---------+-------
        D:1 |      45 |       0 |   0.0 |      27 |       0 |   0.0
        D:2 |       4 |       0 |   0.0 |       3 |       0 |   0.0
            +---------+---------+-------+---------+---------+-------

Illustrated notes

Table legend:
 A = Kills in this place as a percentage of kills in entire the game.
 B = Kills by you in this place as a percentage of kills by you in the entire game.
 C = Kills by friends in this place as a percentage of kills by friends in the entire game.
 D = Other kills in this place as a percentage of other kills in the entire game.
 E = Experience gained in this place as a percentage of experience gained in the entire game.
 F = Experience gained in this place divided by the number of levels of this place that you have seen.
                   A       B       C       D       E      F
               +-------+-------+-------+-------+-------+----------------------
         Total | 100.0 | 100.0 |   N/A |   N/A | 100.0 |  24.5
       Dungeon | 100.0 | 100.0 |   N/A |   N/A | 100.0 |  24.5
               +-------+-------+-------+-------+-------+----------------------

Table legend: (Time is in decaauts)
 A = Elapsed time spent in this place.
 B = Non-inter-level travel time spent in this place.
 C = Inter-level travel time spent in this place.
 D = Time resting spent in this place.
 E = Time spent auto-exploring this place.
 F = Levels seen in this place.
 G = Mean time per level.
                   A        B        C        D        E       F      G
               +--------+--------+--------+--------+--------+-----+--------+
         Total |    507 |    493 |     14 |      0 |    380 |   2 |  253.5 |
       Dungeon |    507 |    493 |     14 |      0 |    380 |   2 |  253.5 |
               +--------+--------+--------+--------+--------+-----+--------+

Top non-repeatable levels by time:
     D:1: 460 daAuts
     D:2: 47 daAuts
